 Dungeon Crawl Stone Soup version 0.22.0-5-gf09313c (webtiles) character file.

97185 Gorglomux the Warrior (level 16, -8/143 HPs)
             Began as a Formicid Gladiator on Aug 13, 2018.
             Was the Champion of Okawaru.
             Killed by divine providence
             ... invoked by an orc priest
              (14 damage)
             ... on level 2 of the Orcish Mines.
             The game lasted 00:24:30 (23331 turns).

Gorglomux the Warrior (Formicid Gladiator)         Turns: 23331, Time: 00:24:31

Health: -8/143     AC: 39    Str: 25    XL:     16   Next: 69%
Magic:  20/22      EV: 11    Int: 13    God:    Okawaru [******]
Gold:   1105       SH: 20    Dex: 12    Spells: 15/15 levels left

rFire    . . .     SeeInvis +   s - +4 battleaxe (vamp) {god gift}
rCold    . . .     Gourm    .   A - +0 large shield
rNeg     . . .     Faith    +   t - +15 Maxwell's patent armour {god gift, -Cast -Tele rElec MR+ rCorr}
rPois    +         Spirit   .   (helmet unavailable)
rElec    +         Reflect  .   k - scarf {repulsion}
rCorr    +         Harm     .   z - +0 pair of gloves
MR       ++...     NoCast   +   h - +1 pair of boots of Agnosticism {rElec}
Stlth    ..........             P - amulet of faith
HPRegen  0.33/turn              f - ring of protection from fire
MPRegen  0.18/turn              J - ring of Guaczanu {rElec rPois rF- Int+4 Slay+3}

@: heroism, studying 4 skills, repel missiles
A: permanent stasis, dig shafts and tunnels, four strong arms, antennae 3
a: Dig, Shaft Self, Heroism, Finesse, Renounce Religion


You were on level 2 of the Orcish Mines.
You worshipped Okawaru.
Okawaru was exalted by your worship.
You were not hungry.

You visited 4 branches of the dungeon, and saw 24 of its levels.
You also visited: Trove.

You collected 1985 gold pieces.
You spent 880 gold pieces at shops.

Inventory:

Hand Weapons
 s - a +4 vampiric battleaxe (weapon) {god gift}
 y - a +4 executioner's axe of electrocution
 L - a +1 broad axe of flaming {god gift}
Missiles
 C - 23 javelins
 Z - 2 throwing nets (quivered)
Armour
 h - the +1 pair of boots of Agnosticism (worn) {rElec}
   (You bought it in a shop on level 14 of the Dungeon)

   It insulates you from electricity.
 k - a scarf of repulsion (worn)
 t - the +15 Maxwell's patent armour (worn) {god gift, -Cast -Tele rElec MR+ rCorr}
   (Okawaru gifted it to you on level 4 of the Lair of Beasts)

   It insulates you from electricity.
   It affects your resistance to hostile enchantments.
   It prevents spellcasting.
   It prevents most forms of teleportation.
   It provides partial protection from all sources of acid and corrosion.
 z - a +0 pair of gloves (worn)
 A - a +0 large shield (worn)
Jewellery
 f - a ring of protection from fire (left hand)
 J - the ring of Guaczanu (right hand) {rElec rPois rF- Int+4 Slay+3}
   (You found it on level 2 of the Lair of Beasts)

   [ring of slaying]

   It affects your intelligence (+4).
   It affects your accuracy and damage with ranged weapons and melee attacks
   (+3).
   It makes you vulnerable to fire.
   It insulates you from electricity.
   It protects you from poison.
 P - an amulet of faith (around neck)
Wands
 E - a wand of enslavement (25)
 I - a wand of iceblast (16)
 O - a wand of clouds (3)
Scrolls
 v - a scroll of fear
 x - 2 scrolls of enchant armour
 D - 8 scrolls of remove curse
 G - a scroll of immolation
 M - a scroll of magic mapping
 R - a scroll of identify
 S - 9 scrolls of fog
Potions
 r - a potion of might
 u - 3 potions of ambrosia
 w - 3 potions of mutation {!q}
 B - 4 potions of heal wounds
 F - 3 potions of brilliance
 H - 3 potions of resistance
 N - 5 potions of flight
 Q - 6 potions of curing
 T - a potion of cancellation {unknown}
 U - 3 potions of magic
 V - 4 potions of agility
 X - 4 potions of invisibility
Books
 l - a manual of Short Blades
 n - a manual of Polearms
 p - a manual of Charms
 q - a manual of Spellcasting
Miscellaneous
 Y - a lamp of fire
Comestibles
 d - 41 rations


   Skills:
 + Level 18.1(23.1) Fighting
 + Level 15.1(20.1) Axes
 - Level 2.0(7.0) Throwing
 + Level 16.0(21.0) Armour
 - Level 2.6(7.6) Dodging
 + Level 9.1(14.1) Shields
 - Level 9.0 Invocations


You had 15 spell levels left.
You didn't know any spells.
Your spell library contained the following spells:

 Spells                   Type           Power        Failure   Level  Hunger
 Magic Dart               Conj           #...         88%         1    ##.....
 Apportation              Tloc           #.....       88%         1    ##.....
 Conjure Flame            Conj/Fire      #.......     99%         3    ####...
 Lightning Bolt           Conj/Air       #.........   100%        5    ######.
 Slow                     Hex            #.......     95%         2    ###....
 Mephitic Cloud           Conj/Pois/Air  #.......     99%         3    ####...
 Death's Door             Chrm/Necr      #.........   100%        8    #######
 Summon Small Mammal      Summ           #...         88%         1    ##.....
 Blink                    Tloc           N/A          95%         2    ###....
 Animate Skeleton         Necr           N/A          88%         1    ##.....
 Summon Ice Beast         Ice/Summ       #.......     100%        4    #####..
 Ozocubu's Armour         Chrm/Ice       #.......     99%         3    ####...
 Call Imp                 Summ           #.......     95%         2    ###....
 Stone Arrow              Conj/Erth      #.....       99%         3    ####...
 Shock                    Conj/Air       #...         88%         1    ##.....
 Swiftness                Chrm/Air       #.......     95%         2    ###....
 Airstrike                Air            #.........   100%        4    #####..
 Confusing Touch          Hex            #.....       88%         1    ##.....
 Passwall                 Tmut/Erth      #.......     95%         2    ###....
 Call Canine Familiar     Summ           #.......     99%         3    ####...
 Static Discharge         Conj/Air       #.......     99%         3    ####...
 Lee's Rapid Deconstruct  Erth           #.........   100%        5    ######.
 Sandblast                Erth           #.....       88%         1    ##.....
 Petrify                  Tmut/Erth      #.......     100%        4    #####..
 Infusion                 Chrm           #...         88%         1    ##.....
 Song of Slaying          Chrm           #.......     95%         2    ###....
 Summon Lightning Spire   Summ/Air       #.......     100%        4    #####..
 Summon Guardian Golem    Hex/Summ       #.......     99%         3    ####...


Dungeon Overview and Level Annotations

Branches:
Dungeon (15/15)            Temple (1/1) D:6            Lair (6/6) D:9
  Swamp (0/4) Lair:3       Spider (0/4) Lair:4        Slime (0/5) Lair:6
    Orc (2/2) D:10         Vaults (0/5) D:14         Depths (0/5) D:15
    Elf: Orc:2

Altars:
Ashenzari
Cheibriados
Dithmenos
Elyvilon
Fedhas
Gozag
Hepliaklqana
Kikubaaqudgha
Makhleb
Nemelex Xobeh
Okawaru
Qazlal
Ru
Sif Muna
Trog
Uskayaw
Vehumet
Wu Jian
Xom
Yredelemnul
Zin
The Shining One
Beogh
Jiyva

Shops:
D:8 (   D:14 [   D:15 !   Orc:1 (

Annotations:
D:4 Eustachio
D:11 exclusion: door
Lair:6 1 runed door


Innate Abilities, Weirdness & Mutations

You cannot be hasted, slowed, berserked, paralysed or teleported.
You can dig through walls and to a lower floor.
Your four strong arms can wield two-handed weapons with a shield.
You have a pair of large antennae on your head. (SInv)


Message History

The orc priest calls down the butt of Beogh upon you!
Beogh butts you!!! * * * don't die
* * * You block the orc priest's attack!
The soul eater draws from the surrounding life force!!! * * * butt't die
* * * The smoke butt gestures at you!
Beogh smites you!!! * * * don't die
* * * The orc high priest barely butts you!
Butt hear a shout!!!
You closely miss the orc high priest!
The orc high priest is lightly wounded!
You closely miss the orc priest!
You hear a shout!!!
You hear a howl!!!
A warg comes into view!
You block the orc priest's attack!
The orc priest calls down the wrath of Beogh upon you!
Beogh smites you!!! rip

#.......###...........#.
#........###.#..........
#........####.##........
##...#....####.###......
..#.#.........[)).......
...............)).......
..#.......######).######
..........# #..#{
..........# #@)#
..........# {{#oo#
..........# {{#33#
..........###


#ooh ............ {....8 ....<.....# #..... ..........#{{ {#...... ..........#{{
#..###.# ...#......# { You could see a soul eater, an orc high priest, a smoke
demon, a warg and 3 orc priests.

Vanquished Creatures
  A fire giant (D:15)
  Nessos (Lair:6)
  Azrael (D:13)
  The ghost of Tioxzy the Earth Mage, a journeyman DEEE of Sif Muna (Lair:5)
  A minotaur (Lair:5)
  Snorg (D:13)
  A rakshasa (D:15)
  8 vault guards (D:14)
  Fannar (Lair:3)
  7 hydras
  3 centaur warriors
  4 catoblepae
  6 two-headed ogres
  12 death yaks
  Urug (D:10)
  2 orc high priests
  Sonja (D:13)
  3 unseen horrors
  A wizard (D:15)
  3 harpies (D:13)
  9 ugly things
  An orc knight (D:14)
  2 deep elf magi (D:15)
  2 orc sorcerers
  4 manticores
  An orb spider (Lair:4)
  4 cyclopes
  Psyche (D:11)
  2 gargoyles
  5 elephants (Lair:4)
  4 torpor snails (Lair:3)
  2 black mambas
  6 centaur skeletons
  11 spiny frogs
  3 rime drakes
  8 komodo dragons
  A queen bee (D:14)
  2 polar bears (Lair:6)
  3 meliai (D:14)
  3 trolls
  A tyrant leech (Lair:3)
  A hornet (D:8)
  15 blink frogs
  7 slime creatures
  15 hippogriffs
  Sigmund (D:2)
  2 shadows
  A wyvern (Lair:3)
  44 yaks
  A yak (shapeshifter) (D:15)
  3 fire elementals (D:13)
  5 vampire mosquitoes
  9 basilisks
  3 hungry ghosts
  5 wargs
  An acid dragon (shapeshifter) (D:13)
  A soldier ant (D:8)
  2 swamp worms (Lair:3)
  2 acid dragons (D:15)
  2 hell hounds (D:13)
  32 water moccasins
  7 porcupines
  A hornet zombie (D:9)
  8 orc warriors
  5 sky beasts
  A necrophage (D:8)
  5 ice beasts
  2 black bears
  A phantom (D:7)
  An eye of draining (D:14)
  8 ogres
  12 wolves
  26 centaurs
  10 crocodiles
  A big kobold (D:8)
  16 bullfrogs
  A wyvern zombie (D:14)
  2 wyvern skeletons
  5 scorpions
  33 killer bees
  9 wights (D:12)
  5 howler monkeys
  10 crimson imps
  4 centaur zombies
  3 hounds
  2 jellies (D:7)
  A quasit (D:12)
  11 orc priests
  2 bullfrog skeletons (D:4)
  2 iguanas
  15 orc wizards
  10 worker ants
  A killer bee zombie (D:9)
  2 hound zombies (D:6)
  12 gnolls
  41 adders
  4 shadow imps
  An ooze (D:3)
  2 worms
  2 adder skeletons (D:4)
  2 adder zombies
  A dart slug (D:3)
  10 leopard geckos
  59 orcs
  4 giant cockroaches
  11 goblins
  8 hobgoblins
  2 jackals (D:2)
  4 quokkas
  2 ball pythons
  9 bats
  6 frilled lizards
  15 kobolds
  A leopard gecko skeleton (D:8)
  A leopard gecko zombie (D:8)
  A quokka skeleton (D:6)
  A quokka zombie (D:6)
  6 rats
  6 fungi
  A plant (Lair:6)
720 creatures vanquished.

Vanquished Creatures (others)
  A jelly (D:13)
  11 fungi
  3 plants
  A withered plant (D:13)
16 creatures vanquished.

Grand Total: 736 creatures vanquished

Notes
Turn   | Place    | Note
-------+----------+-------------------------------------------
     0 | D:1      | Gorglomux the Formicid Gladiator began the quest for the Orb.
     0 | D:1      | Reached XP level 1. HP: 16/16 MP: 1/1
   365 | D:1      | Reached XP level 2. HP: 21/23 MP: 2/2
   388 | D:1      | Reached skill level 1 in Armour
   668 | D:1      | Reached XP level 3. HP: 20/28 MP: 3/3
   949 | D:2      | Noticed Sigmund
  1035 | D:2      | Killed Sigmund
  1035 | D:2      | Reached skill level 4 in Fighting
  1035 | D:2      | Reached skill level 3 in Armour
  1035 | D:2      | Reached XP level 4. HP: 23/37 MP: 4/4
  1035 | D:2      | Reached XP level 5. HP: 27/42 MP: 5/5
  1214 | D:2      | Reached XP level 6. HP: 37/48 MP: 6/6
  1394 | D:2      | Found a sacrificial altar of Ru.
  2062 | D:2      | Found a blossoming altar of Fedhas.
  2299 | D:3      | Found a shattered altar of Ashenzari.
  2897 | D:4      | Noticed an ogre
  3121 | D:4      | Reached XP level 7. HP: 54/55 MP: 7/7
  3272 | D:4      | Reached skill level 5 in Fighting
  3624 | D:4      | Reached XP level 8. HP: 59/63 MP: 8/8
  4042 | D:5      | Entered Level 5 of the Dungeon
  4053 | D:5      | Noticed Eustachio
  4096 | D:5      | Reached skill level 6 in Fighting
  4280 | D:5      | Reached skill level 6 in Axes
  4480 | D:5      | Reached skill level 6 in Armour
  4742 | D:5      | Found an opulent altar of Gozag.
  5070 | D:6      | Found a snail-covered altar of Cheibriados.
  5182 | D:6      | Reached XP level 9. HP: 71/71 MP: 9/9
  5356 | D:6      | Reached skill level 7 in Fighting
  5369 | D:6      | Found a white marble altar of Elyvilon.
  5403 | D:6      | Reached skill level 1 in Shields
  5531 | D:6      | Found a staircase to the Ecumenical Temple.
  5592 | Temple   | Entered the Ecumenical Temple
  5643 | Temple   | Became a worshipper of Warmaster Okawaru
  5783 | D:6      | Found a shattered altar of Ashenzari.
  5891 | D:7      | Found a radiant altar of Vehumet.
  6045 | D:7      | Reached * piety under Okawaru
  6163 | D:7      | Reached skill level 8 in Fighting
  6486 | D:7      | Found a glowing silver altar of Zin.
  6794 | D:8      | Reached XP level 10. HP: 74/81 MP: 8/10
  6827 | D:8      | Reached ** piety under Okawaru
  6892 | D:8      | Found Pioxtoqir's Weapon Shoppe.
  6900 | D:8      | Bought a +1 broad axe of chopping for 195 gold pieces
  7025 | D:8      | Reached skill level 9 in Fighting
  7100 | D:8      | Found a basalt altar of Yredelemnul.
  7477 | D:8      | Found a shadowy altar of Dithmenos.
  7564 | D:9      | Reached *** piety under Okawaru
  7564 | D:9      | Reached skill level 9 in Armour
  7836 | D:9      | Reached skill level 9 in Axes
  7891 | D:9      | Found a staircase to the Lair.
  7963 | D:9      | Found a shimmering altar of Xom.
  8098 | D:9      | Found a glowing silver altar of Zin.
  8391 | D:9      | Found an ornate altar of the Wu Jian Council.
  8391 | D:9      | Found an iron altar of Okawaru.
  8393 | D:9      | Found a sacrificial altar of Ru.
  8393 | D:9      | Found a shimmering altar of Xom.
  8393 | D:9      | Found a stormy altar of Qazlal.
  8417 | D:10     | Entered Level 10 of the Dungeon
  8561 | D:10     | Found a staircase to the Orcish Mines.
  8655 | D:10     | Noticed Urug
  8667 | D:10     | Killed Urug
  8667 | D:10     | Reached **** piety under Okawaru
  8667 | D:10     | Reached skill level 10 in Fighting
  8667 | D:10     | Reached XP level 11. HP: 21/91 MP: 8/11
  9491 | D:11     | Noticed Psyche
  9501 | D:11     | Killed Psyche
  9547 | D:11     | Noticed an unseen horror
  9559 | D:11     | Killed an unseen horror
  9615 | D:11     | Reached ***** piety under Okawaru
  9643 | D:11     | Found a deep blue altar of Sif Muna.
  9809 | D:11     | Found a portal to a secret trove of treasure.
  9824 | Trove    | Entered a treasure trove
  9885 | Trove    | Identified Sif Muna's Papyrus of Aid
 10114 | D:12     | Noticed a two-headed ogre
 10127 | D:11     | Killed a two-headed ogre
 10127 | D:11     | Reached skill level 11 in Fighting
 10368 | Lair:1   | Entered Level 1 of the Lair of Beasts
 10786 | Lair:1   | Reached skill level 12 in Fighting
 10786 | Lair:1   | Reached XP level 12. HP: 62/102 MP: 12/12
 11484 | Lair:2   | Reached skill level 13 in Fighting
 11770 | Lair:2   | Got a twitching marble ring
 11789 | Lair:2   | Identified the ring of Guaczanu {rElec rPois rF- Int+4 Slay+3} (You found it on level 2 of the Lair of Beasts)
 12035 | Lair:2   | Found a dark tunnel.
 12144 | Lair:2   | Reached skill level 12 in Armour
 12317 | Lair:3   | Found a hazy altar of Hepliaklqana.
 12330 | Lair:3   | Received a gift from Okawaru
 12594 | Lair:3   | Noticed Fannar
 12602 | Lair:3   | Reached skill level 14 in Fighting
 12625 | Lair:3   | HP: 5/107 [tyrant leech (21)]
 12629 | Lair:3   | Killed Fannar
 12649 | Lair:3   | Reached skill level 12 in Axes
 12978 | Lair:3   | Reached XP level 13. HP: 104/114 MP: 10/13
 13153 | Lair:3   | Found a snail-covered altar of Cheibriados.
 13167 | Lair:3   | Received a gift from Okawaru
 13523 | Lair:3   | Found a staircase to the Swamp.
 13712 | Lair:4   | Noticed a seven-headed hydra
 13723 | Lair:4   | Killed a ten-headed hydra
 13723 | Lair:4   | Received a gift from Okawaru
 13723 | Lair:4   | Reached skill level 15 in Fighting
 14079 | Lair:4   | Reached ****** piety under Okawaru
 14099 | Lair:4   | Received a gift from Okawaru
 14100 | Lair:4   | Found the +15 Maxwell's patent armour {god gift, -Cast -Tele rElec MR+ rCorr}
 14608 | Lair:4   | Found a hole to the Spider Nest.
 14721 | Lair:4   | Reached skill level 16 in Fighting
 15113 | Lair:5   | Found a runed gate.
 15132 | Lair:5   | Noticed a minotaur
 15132 | Lair:5   | Noticed Tioxzy's ghost (journeyman DEEE)
 15164 | Lair:5   | Found a runed gate.
 15164 | Lair:5   | Found a runed gate.
 15167 | Lair:5   | Noticed a five-headed hydra
 15177 | Lair:5   | Killed a 13-headed hydra
 15297 | Lair:5   | Reached XP level 14. HP: 62/126 MP: 14/14
 16208 | Lair:5   | Killed Tioxzy's ghost
 16208 | Lair:5   | Reached skill level 1 in Invocations
 16214 | Lair:5   | Killed a minotaur
 16288 | Lair:6   | Entered Level 6 of the Lair of Beasts
 16539 | Lair:6   | Noticed Nessos
 16841 | Lair:6   | Reached skill level 3 in Invocations
 17496 | Lair:6   | Killed Nessos
 17496 | Lair:6   | Received a gift from Okawaru
 17616 | Lair:6   | Found a runed door.
 17618 | Lair:6   | Found a viscous altar of Jiyva.
 17857 | Lair:6   | Reached skill level 3 in Shields
 18053 | Lair:6   | Received a gift from Okawaru
 18146 | Lair:6   | Reached skill level 17 in Fighting
 18225 | Lair:6   | Reached XP level 15. HP: 134/134 MP: 19/19
 18271 | Lair:6   | Identified the +1 plate armour of Subjectivity {Dex+6} (You found it on level 6 of the Lair of Beasts)
 18514 | Lair:6   | Found a staircase to the Slime Pits.
 19058 | D:12     | Reached skill level 6 in Invocations
 19125 | D:12     | Received a gift from Okawaru
 19162 | D:12     | Reached skill level 15 in Armour
 19920 | D:13     | Noticed Snorg
 19924 | D:13     | Noticed Sonja
 19933 | D:13     | Killed Sonja
 19933 | D:13     | Reached skill level 6 in Shields
 19938 | D:13     | Killed Snorg
 20073 | D:13     | Noticed Azrael
 20086 | D:13     | Killed Azrael
 20599 | D:14     | Found a runed door.
 20631 | D:14     | Received a gift from Okawaru
 20781 | D:14     | Found a gate to the Vaults.
 20833 | D:14     | Received a gift from Okawaru
 20850 | D:14     | Reached XP level 16. HP: 142/142 MP: 16/22
 21029 | D:14     | You fall through a shaft!
 21029 | D:15     | Entered Level 15 of the Dungeon
 21115 | D:15     | Found Olig Xof's Distillery.
 21321 | D:14     | Found Tuleik's Armour Shoppe.
 21367 | D:14     | Bought the +1 pair of boots of Agnosticism {rElec} for 305 gold pieces
 21554 | D:14     | Received a gift from Okawaru
 21772 | D:14     | Reached skill level 9 in Invocations
 21817 | D:14     | Found a roughly hewn altar of Beogh.
 21961 | D:15     | Found a staircase to the Depths.
 21961 | D:15     | Noticed a fire giant
 22065 | D:15     | Reached skill level 15 in Axes
 22192 | D:15     | Reached skill level 18 in Fighting
 22445 | D:15     | Killed a fire giant
 22445 | D:15     | Received a gift from Okawaru
 22458 | D:15     | Identified 4 scrolls of acquirement
 22464 | D:15     | Got a pair of crude boots
 22475 | D:15     | Identified the +0 pair of boots "Baduosk" {rElec rF- rCorr Int+10 Slay-3} (You acquired it on level 15 of the Dungeon)
 22476 | D:15     | Got a shimmering plate armour
 22487 | D:15     | Identified the +4 plate armour of Muvvol {MR+} (You acquired it on level 15 of the Dungeon)
 22488 | D:15     | Got a scorched iron amulet
 22489 | D:15     | Identified the amulet of Xaleunamn {Harm *Drain rElec} (You acquired it on level 15 of the Dungeon)
 22718 | D:15     | Reached skill level 9 in Shields
 22743 | D:15     | Bought a potion of resistance for 190 gold pieces
 22743 | D:15     | Bought a potion of resistance for 190 gold pieces
 23086 | Orc:1    | Entered Level 1 of the Orcish Mines
 23086 | Orc:1    | Found Kiattyst's Antique Weapon Emporium.
 23215 | Orc:2    | Entered Level 2 of the Orcish Mines
 23330 | Orc:2    | HP: 5/143 [smoke demon/divine providence[an orc high priest] (17)]
 23331 | Orc:2    | Killed from afar by an orc priest

Skill      XL: |  1  2  3  4  5  6  7  8  9 10 11 12 13 14 15 16 |
---------------+-------------------------------------------------+-----
Armour         | 1 3 4 5 6 7 9 11 12 13 14 15 16 | 16.0
Fighting       | 4 5 6 8 10 12 14 16 17 18 | 18.1
Axes           | 4 5 6 8 9 10 12 13 14 15 | 15.1
Shields        | 2 4 7 9 |  9.1
Invocations    | 5 8 9 |  9.0
Throwing       | |  2.0
Dodging        | |  2.6

Action                   |  1- 3 |  4- 6 |  7- 9 | 10-12 | 13-15 | 16-18 || total
-------------------------+-------+-------+-------+-------+-------+-------++-------
Melee: War axe           |    84 |   172 |   390 |    37 |       |       ||   683
       Broad axe         |       |       |       |   499 |   318 |       ||   817
       Battleaxe         |       |       |       |       |   508 |   302 ||   810
       Executioner's axe |       |       |       |       |       |    49 ||    49
Throw: Throwing net      |     3 |     3 |       |       |       |       ||     6
Invok: Heroism           |       |       |     1 |    11 |    13 |     6 ||    31
       Finesse           |       |       |       |       |     8 |     3 ||    11
 Abil: Dig               |     1 |     1 |     4 |     1 |     9 |     8 ||    24
Evoke: Wand              |       |       |       |     1 |       |       ||     1
       Lamp of fire      |       |       |       |       |     2 |       ||     2
  Use: Potion            |     1 |       |       |     3 |       |       ||     4
       Scroll            |       |       |     4 |    19 |     8 |    10 ||    41
 Stab: Distracted        |       |       |     1 |       |       |       ||     1
  Eat: Chunk             |       |     7 |    18 |    19 |    18 |    10 ||    72
       Ration            |       |       |     2 |     1 |     4 |     2 ||     9
Armor: Leather armour    |    23 |       |       |       |       |       ||    23
       Ring mail         |    11 |    87 |    73 |       |       |       ||   171
       Plate armour      |       |       |   143 |   376 |   653 |   156 ||  1328
       Skin              |       |       |       |     1 |       |       ||     1
Dodge: Dodged            |    71 |   142 |   192 |   233 |   277 |    62 ||   977
       Deflected         |       |       |       |       |     7 |     5 ||    12
Block: Buckler           |       |       |    28 |   129 |    75 |       ||   232
       Large shield      |       |       |       |       |   377 |   287 ||   664
